cohdb
Replays
Latest Replays
All Replays
Popular Replays
Top Player Replays
Match Explorer
How It Works
Community
CoH3 Stats
Reddit
Sign in to upload your games and track your stats! →
Sign in with Steam
Match 40547080
Unlisted
Match 40547080
Overview
Messages
Build Orders
End
Kettenkrad Recon Vehicle
Construct Infanterie Kompanie
Selects Terror Battlegroup
MG 42 Machine Gun Team
Grenadier Squad
Construct Panzergrenadier Kompanie
MG 42 Machine Gun Team
Selects Machine Gun Camouflage
Panzergrenadier Squad
251 Medium Carrier
Panzergrenadier Squad
Selects Contempt for the Weak
Support Elements
Nebelwerfer 42 Rocket Launcher Team
Grenadier Squad
StuG III G Assault Gun
Selects No Quarter
Construct Panzer Kompanie
Pak 40 Anti-tank Gun Team
Panzer IV Medium Tank
Selects King Tiger Heavy Tank
King Tiger Heavy Tank
Selects Jericho Trumpet
Selects V1 Rocket Strike
Stoßtruppen Squad
V1 Rocket Strike
mentoss
CUMEHHblN_GOJlEM
matjouz
Sarmynation
0
0
Comments
sign in to comment!
No comments posted yet!